 Dungeon Crawl Stone Soup version 0.31-a0-277-g31ea1f65cc (webtiles) character file.

Game seed: 347724347136838963

1644061 Ofeo the Impregnable (level 25, 218/218 (227) HPs)
             Began as an Armataur Reaver on July 16, 2023.
             Was the Champion of Hepliaklqana.
             Escaped with the Orb
             ... and 3 runes!
             The game lasted 02:20:20 (70017 turns).

Ofeo the Impregnable (Armataur Reaver)             Turns: 70017, Time: 02:20:21

HP:   218/218 (227) AC: 65    Str: 31    XL:     25   Next: 92%
MP:   32/32         EV:  6    Int: 18    God:    Hepliaklqana [******]
Gold: 3246          SH: 11    Dex:  8    Spells: 27/28 levels left

rFire   + . .        c - +10 broad axe "Dragon's Tongue" {freeze, rElec rF+ Dex-5}
rCold   + + +        M - +0 buckler of the Catamount {rF- Regen+ Int+3 Slay+6}
rNeg    + . .        y - +11 crystal plate armour
rPois   .            X - +1 hat
rElec   +            V - +2 cloak of the Thief {*Fog Slay-2 SInv Stlth+}
rCorr   .            j - +2 pair of gloves {Str+3}
SInv    +            g - +2 barding {rF+}
Will    ++...        R - amulet "Niset" {Reflect rC+ rN+ Dex+3 SH+5} Stlth
                     n - ring of the Hart {Will+ AC+4 Slay+2}
HPRegen 1.36/turn    s - ring of the Ego {rC++ AC+4 Str+3 Slay+3 Stlth-}
MPRegen 0.23/turn

%: reflection, roll
@: studying 2 skills, lightly drained
A: reduced essence, large, rugged brown scales 3, deformed body, armoured tail,
roll, long tongue, awkward tongue, horns 1, see invisible, electricity
resistance, weak 1
0: Orb of Zot
}: 3/15 runes: serpentine, barnacled, silver
a: Renounce Religion, Recall Ancestor, Ancestor Identity, Transference, Idealise


You escaped.
You worshipped Hepliaklqana.
Hepliaklqana was exalted by your worship.
You visited 10 branches of the dungeon, and saw 48 of its levels.
You visited 1 bazaar.
You also visited: Trove, Bailey, Ice Cave, Wizlab and Desolation.

You collected 7430 gold pieces.
You spent 4184 gold pieces at shops.

Inventory:

Hand Weapons
 a - a +9 broad axe of electrocution
 c - the +10 broad axe "Dragon's Tongue" (weapon) {freeze, rElec rF+ Dex-5}
   (You acquired it on level 1 of the Vaults)

   Dex:       It affects your dexterity (-5).
   rF:        It protects you from fire.
   rElec:     It insulates you from electricity.
Missiles
 o - 9 throwing nets
 t - 6 silver javelins
 C - 31 boomerangs
 F - 41 javelins (quivered)
 G - 4 curare-tipped darts
Armour
 f - +6 gold dragon scales
 g - a +2 barding of fire resistance (worn)
 j - a +2 pair of gloves of strength (worn)
 y - a +11 crystal plate armour (worn)
 I - a +1 cloak of poison resistance
 M - the +0 buckler of the Catamount (worn) {rF- Regen+ Int+3 Slay+6}
   (You found it on level 4 of the Shoals)

   Int:       It affects your intelligence (+3).
   Slay:      It affects your accuracy & damage with ranged weapons and melee
   (+6).
   rF:        It makes you vulnerable to fire.
   Regen:     It increases your rate of health regeneration.
 V - the +2 cloak of the Thief (worn) {*Fog Slay-2 SInv Stlth+}
   (You found it on level 4 of the Lair of Beasts)

   *Fog:      It may release a thick cloud of smoke when the wearer is hurt.
   Slay:      It affects your accuracy & damage with ranged weapons and melee
   (-2).
   SInv:      It lets you see invisible.
   Stlth:     It makes you more stealthy.
 X - a +1 hat (worn)
Jewellery
 n - the ring of the Hart (left hand) {Will+ AC+4 Slay+2}
   (You found it in the Desolation of Salt)

   [ring of protection]

   AC:        It affects your AC (+4).
   Slay:      It affects your accuracy & damage with ranged weapons and melee
   (+2).
   Will:      It increases your willpower.
 s - the ring of the Ego (right hand) {rC++ AC+4 Str+3 Slay+3 Stlth-}
   (You found it in the Desolation of Salt)

   [ring of protection]

   AC:        It affects your AC (+4).
   Str:       It affects your strength (+3).
   Slay:      It affects your accuracy & damage with ranged weapons and melee
   (+3).
   rC:        It greatly protects you from cold.
   Stlth:     It makes you less stealthy.
 L - the amulet "Todipu" {RegenMP Will+ Slay+2}
   (You found it in the Desolation of Salt)

   [amulet of magic regeneration]

   It increases your rate of magic regeneration.
   Slay:      It affects your accuracy & damage with ranged weapons and melee
   (+2).
   Will:      It increases your willpower.
 O - the ring "Nihask" {Fly rPois rC+ Int-4}
   (You found it in the Desolation of Salt)

   [ring of protection from cold]

   Int:       It affects your intelligence (-4).
   rC:        It protects you from cold.
   rPois:     It protects you from poison.
   Fly:       It grants you flight.
 Q - a ring of resist corrosion
 R - the amulet "Niset" (around neck) {Reflect rC+ rN+ Dex+3 SH+5}
   (You found it in the Desolation of Salt)

   [amulet of reflection]

   It reflects blocked missile attacks.
   Dex:       It affects your dexterity (+3).
   rC:        It protects you from cold.
   rN:        It protects you from negative energy.
   SH:        It affects your SH (+5).
Wands
 b - a wand of digging (11) {@v1}
 d - a wand of mindburst (31)
 i - a wand of iceblast (55) {@v4}
 P - a wand of charming (45)
 Y - a wand of quicksilver (41)
Scrolls
 k - 4 scrolls of revelation
 l - 5 scrolls of blinking {@r4}
 w - 8 scrolls of fog {!r}
 B - 25 scrolls of teleportation {@r3}
 E - a scroll of brand weapon
 H - 4 scrolls of fear
 K - 4 scrolls of silence
 N - 4 scrolls of butterflies
 S - 9 scrolls of enchant weapon
 T - 4 scrolls of immolation
Potions
 e - 3 potions of berserk rage
 h - 6 potions of heal wounds {@q2}
 p - 8 potions of mutation
 q - 16 potions of curing {@q1}
 r - 2 potions of magic
 x - a potion of resistance {@q6}
 z - a potion of haste {@q3}
 A - 10 potions of enlightenment
 D - 2 potions of cancellation
 W - 4 potions of ambrosia
Miscellaneous
 u - a phial of floods
 J - a lightning rod (4/4)
 U - a phantom mirror
 Z - a condenser vane


   Skills:
 + Level 21.1 Fighting
 - Level 18.0 Axes
 + Level 17.4 Throwing
 + Level 26.0 Armour
 - Level 12.0 Dodging
 - Level 13.1 Shields
 - Level 2.2 Spellcasting
 - Level 3.1 Conjurations
 + Level 12.5 Invocations
 + Level 10.4 Evocations


You had 27 spell levels left.
You knew the following spells:

 Your Spells              Type           Power      Damage    Failure   Level
a - Kiss of Death         Conj/Necr      28%        2d7       50%         1

Your spell library contained the following spells:

 Spells                   Type           Power      Damage    Failure   Level
 Magic Dart               Conj           52%        1d5       30%         1
 Searing Ray              Conj           26%        2d5       41%         2
 Foxfire                  Conj/Fire      28%        2x1d5     50%         1
 Momentum Strike          Conj/Tloc      14%        3d8       63%         2
 Static Discharge         Conj/Air       14%        2-3/arc   63%         2
 Apportation              Tloc           2%         N/A       71%         1
 Necrotise                Necr           4%         1d4       71%         1
 Sandblast                Erth           2%         2d4       71%         1
 Slow                     Hex            4%         N/A       71%         1
 Sting                    Tmut/Pois      4%         1d3       71%         1
 Blink                    Tloc           2%         N/A       85%         2
 Ensorcelled Hibernation  Hex/Ice        2%         N/A       85%         2
 Lesser Beckoning         Tloc           2%         N/A       85%         2
 Passwall                 Tmut/Erth      0%         N/A       85%         2
 Poisonous Vapours        Pois/Air       2%         N/A       85%         2
 Sublimation of Blood     Necr           1%         N/A       85%         2
 Dazzling Flash           Conj/Hex       14%        N/A       86%         3
 Hailstorm                Conj/Ice       7%         3d4       86%         3
 Stone Arrow              Conj/Erth      14%        3d7       86%         3
 Mephitic Cloud           Conj/Pois/Air  5%         N/A       91%         3
 Confusing Touch          Hex            1%         N/A       97%         3
 Ignite Poison            Fire/Tmut/Pois 1%         N/A       97%         3
 Inner Flame              Hex/Fire       1%         N/A       97%         3
 Ozocubu's Armour         Ice            1%         N/A       97%         3
 Swiftness                Air            1%         N/A       97%         3
 Tukima's Dance           Hex            1%         N/A       97%         3
 Vampiric Draining        Necr           1%         2d6       97%         3
 Vhi's Electric Charge    Tloc/Air       2%         N/A       97%         3
 Volatile Blastmotes      Fire/Tloc      2%         2d10      97%         3
 Flame Wave               Conj/Fire      7%         2d5       99%         4
 Fulminant Prism          Conj/Hex       3%         3d5       99%         4
 Sticky Flame             Conj/Fire      7%         2d3       99%         4
 Anguish                  Hex/Necr       0%         N/A       100%        4
 Animate Dead             Necr           1%         N/A       100%        4
 Dispel Undead            Necr           1%         3d6       100%        4
 Manifold Assault         Tloc           1%         N/A       100%        4
 Olgreb's Toxic Radiance  Pois           1%         N/A       100%        4
 Passage of Golubria      Tloc           1%         N/A       100%        4
 Petrify                  Tmut/Erth      1%         N/A       100%        4
 Summon Ice Beast         Ice/Summ       1%         N/A       100%        4
 Agony                    Necr           1%         N/A       100%        5
 Alistair's Intoxication  Tmut/Pois      0%         N/A       100%        5
 Arcjolt                  Conj/Air       3%         1d13      100%        5
 Borgnjor's Vile Clutch   Necr/Erth      0%         N/A       100%        5
 Fireball                 Conj/Fire      3%         3d4       100%        5
 Irradiate                Conj/Tmut      3%         3d12      100%        5
 Iskenderun's Battlesphe  Conj           13%        2d7       100%        5
 Silence                  Hex/Air        0%         N/A       100%        5
 Summon Forest            Summ/Tloc      0%         N/A       100%        5
 Summon Mana Viper        Hex/Summ       1%         N/A       100%        5
 Yara's Violent Unravell  Hex/Tmut       0%         3d3       100%        5
 Conjure Ball Lightning   Conj/Air       3%         3x3d6     100%        6
 Death Channel            Necr           0%         N/A       100%        6
 Dispersal                Tloc           0%         N/A       100%        6
 Eringya's Noxious Bog    Tmut/Pois      0%         4d6       100%        6
 Plasma Beam              Fire/Air       0%         2x1d10    100%        6
 Simulacrum               Ice/Necr       0%         N/A       100%        6
 Starburst                Conj/Fire      3%         6d3       100%        6
 Summon Cactus Giant      Summ           0%         N/A       100%        6
 Malign Gateway           Summ/Tloc      0%         N/A       100%        7
 Orb of Destruction       Conj           6%         9d6       100%        7
 Ozocubu's Refrigeration  Ice            0%         4d7       100%        7
 Summon Hydra             Summ           0%         N/A       100%        7
 Discord                  Hex            0%         N/A       100%        8
 Ignition                 Fire           0%         3d3       100%        8
 Maxwell's Capacitive Co  Air            0%         ∞         100%        8


Dungeon Overview and Level Annotations

Branches:
Dungeon (15/15)            Temple (1/1) D:4            Lair (5/5) D:9
 Shoals (4/4) Lair:2        Snake (4/4) Lair:3        Slime (0/5) Lair:5
    Orc (2/2) D:11            Elf (3/3) Orc:2        Vaults (5/5) D:14
  Crypt (0/3) Vaults:2     Depths (4/4) D:15            Zot (5/5) Depths:4
 Bailey (visited)           IceCv (visited)          WizLab (visited)
Desolation (visited)

Altars:
Ashenzari
Cheibriados
Dithmenos
Elyvilon
Fedhas
Gozag
Hepliaklqana
Kikubaaqudgha
Makhleb
Nemelex Xobeh
Okawaru
Qazlal
Ru
Sif Muna
Trog
Uskayaw
Vehumet
Wu Jian
Xom
Yredelemnul
Zin
The Shining One
Jiyva
Lugonu

Shops:
D:1 [   D:2 ?=:*   D:14 (   Orc:2 ![:   Elf:2 !   Vaults:1 *   Vaults:3 (
Vaults:4 [   Vaults:5 =   Depths:1 *   Depths:3 =

Portals:
Hell: Depths:1 Depths:2 Depths:3 Depths:4
Abyss: Shoals:1 Depths:3
Pandemonium: Depths:1 Depths:2
Ziggurat: Depths:1

Annotations:
D:14 2 transporters, exclusion: downstairs, snackwell's ghost, journeyman DsSh
Vaults:3 3 runed translucent doors, exclusion: 3 doors, Pileu's ghost, adept DsFE
Depths:4 1 runed translucent door


Innate Abilities, Weirdness & Mutations

Your life essence is reduced to manifest your ancestor. (-10% HP)
You are completely covered in rugged brown scales. (AC +3, +7% HP)
Armour fits poorly on your strangely shaped body.
You have a long armoured tail.
You roll when moving toward enemies. (Rampage)
Your long tongue fully drains potion bottles. (2x potion effects)
Your tongue gives you trouble enunciating. (1.5x scroll delay)
You have a pair of small horns on your head.
You have supernaturally acute eyesight. (SInv)
You are resistant to electric shocks. (rElec)
You are weak. (Str -2)


Message History

There is a stone staircase leading up here.
You climb upwards.
There is a stone staircase leading down here.
(D) Dungeon (T) Temple (L) Lair (A) Shoals (P) Snake Pit (M) Slime Pits (O) Orcish Mines (E) Elven Halls (V) Vaults (C) Crypt (U) Depths (H) Hell (Z) Zot
Where to? (Enter - D:1, ? - help)
There is a stone staircase leading up here.
You climb upwards.
There is a stone staircase leading down, spattered with blood here.
There is an entrance to Cueriot's General Store here.
You see here a +0 pair of gloves.
There is an open door here.
There is a stone staircase leading up here.
You climb upwards.
There is a stone staircase leading down here.
Biggus Dickus is recalled.
You now have 30/32 mp.
You swap places.
A green death comes into view.
Biggus Dickus gestures wildly while chanting.
Biggus Dickus seems to speed up.
You roll towards the green death!
You block the green death's attack.
MP restored: 32 You slice the green death!!
You freeze the green death. Your headbutt misses the green death.
The green death is heavily wounded.
You chop the green death into pieces!!! You freeze the green death.
You kill the green death!
Health restored: 218
(D) Dungeon (T) Temple (L) Lair (A) Shoals (P) Snake Pit (M) Slime Pits (O) Orcish Mines (E) Elven Halls (V) Vaults (C) Crypt (U) Depths (H) Hell (Z) Zot
Where to? (Enter - D:1 @ (x,y), ? - help)
You open the door.
There is an open door here.
There is a staircase leading out of the dungeon here.
You have escaped!

#..#.######........#...####.#####
#........##........#...####.#
......##.######'####........#####
#..........[.....................
#................................
#......#.###..++++++...#....####.
#.....>#......+....+.............
#.....)#..###.+....+...##.#.#....
#......#..###.+.@R.'...##.#.#.#..
#......#.###..+....+...##........
#........##...++'+++.#.#....#.#.#
#+###.#..............#.#..#......
....#.##...####...####.#.........
....#.##.#### #.### #.###.##.#..
)...#.##....###.# #........###
....#+#####..##.# #.###..#.#
#'##...#####).#.######+###+.#.# #


You could see the friendly Biggus Dickus the battlemage (fast).

Vanquished Creatures
  3 dread liches
  2 orbs of fire
  4 ancient liches
  Frederick (Depths:3)
  Parghit (Depths:4)
  2 Killer Klowns
  Saint Roka (Vaults:1)
  2 curse toes
  4 golden dragons
  8 caustic shrikes
  Jory (Vaults:3)
  A bone dragon (Depths:4)
  7 tentacled monstrosities
  An electric golem (Zot:5)
  Jorgrun (Snake:1)
  4 liches
  A Hell Sentinel (D:8)
  3 deep elf blademasters (Elf:3)
  23 Orb Guardians (Zot:5)
  5 titans
  A quicksilver dragon (Zot:1)
  2 deep elf master archers (Elf:3)
  A tentacled starspawn (WizLab)
  Kirke (Lair:4)
  Frances (Snake:1)
  5 death cobs
  A kraken (Shoals:1)
  4 tengu reavers
  6 sphinxes
  9 shadow dragons
  2 draconian knights (Zot:5)
  5 storm dragons
  3 nagarajas (Snake:4)
  Ilsuiw (Shoals:2)
  Donald (Snake:3)
  3 fire giants
  3 draconian monks
  A ghost moth (Zot:2)
  2 imperial myrmidons (Desolation)
  6 deep elf sorcerers
  4 draconian scorchers
  2 iron dragons (Vaults:5)
  3 deep elf elementalists (Elf:3)
  3 draconian shifters
  8 frost giants
  18 vault wardens
  A spriggan defender (Depths:3)
  2 orc warlords
  A reaper (IceCv)
  11 very ugly things
  4 ironbound thunderhulks
  5 draconian stormcallers
  A draconian annihilator (Depths:4)
  9 ironbound preservers
  16 stone giants
  2 deep elf demonologists (Elf:3)
  6 vampire knights
  3 formless jellyfish
  A war gargoyle (Vaults:5)
  Nessos (D:15)
  A demonspawn black sun (Zot:3)
  4 deep elf annihilators
  4 green draconians
  6 yellow draconians
  4 black draconians
  2 spark wasps (Depths:3)
  Azrael (D:13)
  5 purple draconians
  6 red draconians
  2 white draconians
  8 ettins
  4 deep elf death magi
  A crystal guardian (Desolation)
  Josephine (Orc:2)
  3 deep elf high priests (Elf:3)
  An entropy weaver (Vaults:1)
  4 jiangshi
  3 merfolk javelineers (Shoals:4)
  Fannar (Lair:3)
  26 vault guards
  2 ragged hierophants (Desolation)
  3 yaktaur captains
  4 great orbs of eyes
  6 fire dragons
  A great orb of eyes (shapeshifter) (Vaults:5)
  7 merfolk impalers
  A green death (D:1)
  5 ice dragons
  5 rakshasas
  9 hydras
  9 peacekeepers
  4 ironbound frosthearts
  3 ogre magi
  2 salamander tyrants
  6 servants of whispers (Desolation)
  An alligator snapping turtle (Shoals:4)
  An anaconda (shapeshifter) (Vaults:1)
  A catoblepas (D:14)
  4 merfolk aquamancers
  3 merfolk avatars
  A two-headed ogre (shapeshifter) (Vaults:1)
  5 anacondas
  25 dancing weapons
  6 centaur warriors
  7 naga warriors
  4 tengu warriors
  2 death knights
  7 deep troll earth magi
  3 satyrs
  10 two-headed ogres
  3 vampire magi (Depths:2)
  2 demonic crawlers (WizLab)
  10 deep troll shamans
  A thrashing horror (WizLab)
  4 shock serpents
  Sonja (Lair:3)
  5 naga sharpshooters
  6 hell knights
  3 orc high priests (Elf:3)
  A shock serpent (shapeshifter) (Vaults:5)
  11 deep elf knights
  A soul eater (Depths:2)
  5 skysharks
  7 skeletal warriors
  2 shadow wraiths (Depths:2)
  11 iron trolls
  A goliath frog (shapeshifter) (Vaults:1)
  A salamander mystic (Snake:4)
  An obsidian statue (WizLab)
  A skyshark (shapeshifter) (Vaults:5)
  3 flayed ghosts
  2 glowing orange brains
  7 sea snakes
  7 wizards
  39 deep trolls
  A swamp dragon (shapeshifter) (Elf:1)
  4 phantasmal warriors (Vaults:5)
  3 naga ritualists
  9 deep elf archers
  15 deep elf zephyrmancers
  2 necromancers
  14 ironbound convokers
  Pikel (D:5)
  7 lindwurms
  9 harpies
  11 orc sorcerers
  A wolf spider (Lair:5)
  14 orc knights
  15 deep elf pyromancers
  2 worldbinders (WizLab)
  11 fauns
  11 salamanders
  2 mana vipers
  14 moths of wrath
  3 cyclopes
  A manticore (shapeshifter) (Vaults:5)
  A shining eye (Shoals:1)
  An oklob plant (Snake:4)
  10 manticores
  5 elephants
  30 ugly things
  4 merfolk sirens
  An apocalypse crab (Shoals:1)
  15 black mambas
  A sphinx skeleton (Depths:2)
  2 water nymphs (shapeshifter)
  4 guardian serpents
  A stone giant skeleton (Depths:1)
  18 vault sentinels
  3 water nymphs
  A rust devil (Depths:2)
  8 naga magi
  An ice statue (IceCv)
  2 gargoyles
  A hellion (D:7)
  4 unseen horrors
  18 cane toads
  A tormentor (Depths:4)
  29 yaktaurs
  A tengu conjurer (Depths:2)
  An anaconda simulacrum (IceCv)
  3 rime drakes
  2 freezing wraiths
  5 komodo dragons
  An ice devil (WizLab)
  A human skeleton (WizLab)
  24 merfolk
  7 trolls
  A merfolk (shapeshifter) (Vaults:5)
  2 meliai (D:14)
  2 hellwings (D:15)
  3 hornets
  5 wind drakes
  28 saltlings (Desolation)
  A tarantella (shapeshifter) (Vaults:5)
  Prince Ribbit (D:7)
  A dream sheep (Lair:3)
  21 slime creatures
  A dream sheep (shapeshifter) (Vaults:5)
  13 blink frogs
  A spriggan zombie (Depths:1)
  2 air elementals
  A snapping turtle (Shoals:2)
  A culicivora (shapeshifter) (Vaults:1)
  3 wraiths (Orc:2)
  A culicivora (Vaults:1)
  A shadow (D:11)
  2 ynoxinuls (WizLab)
  13 wyverns
  13 water elementals
  45 yaks
  A chaos spawn (WizLab)
  11 humans (D:14)
  2 basilisks
  3 hogs (Lair:4)
  8 fire elementals
  A steam dragon (D:5)
  4 vampire mosquitoes (D:13)
  A basilisk (shapeshifter) (Elf:2)
  8 redbacks
  A death yak simulacrum (IceCv)
  A spatial vortex (WizLab)
  3 wargs
  A two-headed ogre zombie (D:11)
  4 swamp worms (Lair:4)
  A merfolk zombie (Shoals:1)
  27 nagas
  19 water moccasins
  7 hell hounds
  2 hydra simulacra (IceCv)
  A water moccasin (shapeshifter) (Vaults:5)
  An ice beast (D:8)
  28 orc warriors
  13 ogres
  4 black bears
  2 wolves (Lair:2)
  26 centaurs
  5 phantoms
  A lemure (D:3)
  A kobold brigand (D:8)
  An earth elemental (Elf:2)
  4 scorpions
  10 bullfrogs
  2 gnoll sergeants
  A scorpion (shapeshifter) (Elf:2)
  6 two-headed ogre simulacra (IceCv)
  A cane toad simulacrum (IceCv)
  7 wights
  A troll zombie (D:11)
  3 elephant simulacra (IceCv)
  2 killer bees (D:8)
  2 howler monkeys (D:8)
  A jelly (D:6)
  A hound (D:4)
  15 orc priests
  4 iguanas
  An iron imp (WizLab)
  A sleepcap (D:6)
  23 orc wizards
  3 hell rats (Lair:2)
  3 spriggan simulacra (IceCv)
  6 troll simulacra (IceCv)
  3 wolf simulacra (IceCv)
  5 ogre zombies (D:11)
  11 gnolls
  6 adders
  4 naga simulacra (IceCv)
  A shadow imp (D:8)
  5 white imps
  5 ufetubi
  4 worms
  5 dart slugs
  55 orcs
  7 ball pythons
  11 bats
  10 endoplasms
  4 giant cockroaches
  7 hobgoblins
  2 quokkas
  3 frilled lizards
  8 goblins
  6 goblin zombies (D:11)
  2 hobgoblin skeletons (D:11)
  17 kobolds
  An orc skeleton (D:11)
  10 orc zombies (D:11)
  7 rats
  A starspawn tentacle (WizLab)
  3 tentacles (Shoals:1)
1609 creatures vanquished.

Vanquished Creatures (collateral kills)
  A dread lich (Zot:5)
  2 orbs of fire (Zot:5)
  An ancient lich (Zot:5)
  Mara (Shoals:4)
  Sojobo (Vaults:3)
  Vv (Zot:3)
  Bai Suzhen (Snake:4)
  3 Killer Klowns (Zot:5)
  Margery (Vaults:2)
  Vashnia (Snake:3)
  2 golden dragons
  A bone dragon (Depths:4)
  2 Tzitzimimeh
  An electric golem (Zot:5)
  2 tentacled monstrosities
  4 Orb Guardians (Zot:5)
  Mlioglotl (Snake:3)
  A pandemonium lord (D:8)
  2 liches (Depths:4)
  A deep elf blademaster (Elf:3)
  A walking divine tome (Depths:3)
  A deep elf master archer (Elf:3)
  A tentacled starspawn (WizLab)
  2 death cobs
  2 quicksilver dragons
  4 shadow dragons
  A tengu reaver (Vaults:3)
  4 storm dragons
  Aizul (Snake:1)
  A draconian knight (Zot:4)
  4 nagarajas (Snake:4)
  A draconian monk (Zot:3)
  4 fire giants
  A frost giant (Depths:3)
  3 vault wardens
  An imperial myrmidon (Desolation)
  2 deep elf sorcerers (Elf:3)
  A deep elf elementalist (Elf:3)
  A draconian scorcher (Zot:3)
  4 very ugly things
  5 ironbound preservers
  A draconian stormcaller (Zot:5)
  2 stone giants
  A war gargoyle (Vaults:2)
  3 black draconians
  A formless jellyfish (Vaults:2)
  2 demonspawn black suns (Zot:3)
  3 deep elf annihilators
  3 green draconians
  2 purple draconians
  A yellow draconian (Zot:3)
  2 deep elf demonologists
  3 red draconians
  A halazid warlock (Desolation)
  A lorocyproca (D:12)
  A crystal guardian (Desolation)
  3 deep elf death magi (Elf:3)
  2 yaktaur captains
  An ettin (Depths:4)
  A merfolk javelineer (Depths:3)
  A jiangshi (Depths:1)
  3 deep elf high priests
  Harold (Orc:1)
  A merfolk impaler (Shoals:3)
  2 fire dragons
  An ice dragon (Depths:1)
  2 servants of whispers (Desolation)
  12 vault guards
  A great orb of eyes (Vaults:1)
  3 rakshasas
  4 peacekeepers (Desolation)
  A spriggan air mage (Depths:2)
  A hydra (Lair:5)
  3 centaur warriors
  3 anacondas
  A death knight (Vaults:2)
  An ironbound frostheart (Vaults:1)
  3 merfolk avatars
  5 dancing weapons (Elf:2)
  A deep troll shaman (Depths:2)
  2 merfolk aquamancers (Shoals:4)
  4 two-headed ogres
  4 naga warriors
  2 boulder beetles
  2 satyrs
  A spriggan berserker (Depths:1)
  2 tengu warriors (Depths:3)
  A shock serpent (Snake:3)
  2 deep troll earth magi (Depths:1)
  5 naga sharpshooters
  2 vampire magi
  Urug (D:14)
  4 hell knights
  Nergalle (Orc:2)
  A salamander mystic (Snake:4)
  3 deep elf knights
  A sun demon (WizLab)
  A skeletal warrior (D:13)
  A skyshark (Lair:3)
  5 sea snakes
  2 iron trolls
  A glowing orange brain (D:14)
  A deep elf archer (Elf:3)
  16 deep trolls
  3 wizards
  5 ironbound convokers
  2 lindwurms
  A necromancer (Depths:2)
  14 deep elf pyromancers
  4 orc knights
  A cyclops (shapeshifter) (D:15)
  7 deep elf zephyrmancers
  A wolf spider (Lair:5)
  3 harpies
  11 ugly things
  2 mana vipers
  A fire giant zombie (Depths:2)
  3 orc sorcerers (Orc:2)
  A tengu skeleton (WizLab)
  2 salamanders
  9 manticores
  3 moths of wrath
  A cyclops (D:15)
  5 fauns
  An apocalypse crab (Shoals:1)
  A water nymph (Shoals:2)
  6 merfolk sirens
  2 elephants (Lair:5)
  Maurice (Orc:2)
  11 black mambas
  A guardian serpent (Snake:4)
  4 naga magi
  A torpor snail (Lair:3)
  2 molten gargoyles (Desolation)
  5 vault sentinels
  A smoke demon (D:7)
  6 cane toads
  An unseen horror (D:13)
  A rime drake (Lair:5)
  A tengu conjurer (D:13)
  4 komodo dragons
  2 tormentors
  An ancient zyme (Shoals:1)
  An efreet (Zot:5)
  7 yaktaurs
  A kobold demonologist (D:11)
  A meliai (D:14)
  11 merfolk
  4 trolls
  10 saltlings (Desolation)
  3 wind drakes
  3 dream sheep (Lair:3)
  2 snapping turtles
  5 slime creatures
  2 blink frogs
  A stone giant simulacrum (Depths:1)
  7 water elementals
  An air elemental (Elf:2)
  A human (shapeshifter) (D:15)
  4 wraiths
  A steam dragon (D:8)
  4 wyverns
  17 yaks
  2 basilisks
  A death yak simulacrum (IceCv)
  A chaos spawn (D:8)
  4 fire elementals
  5 humans (D:14)
  4 vampire mosquitoes
  3 spatial vortices (WizLab)
  An acid dragon (D:9)
  9 nagas
  8 water moccasins
  An ice beast (D:8)
  11 orc warriors
  A wolf (Lair:2)
  3 ogres
  6 centaurs
  A phantom (D:7)
  7 bullfrogs
  5 kobold brigands
  An earth elemental (Elf:2)
  3 gnoll sergeants
  2 scorpions
  A two-headed ogre simulacrum (IceCv)
  A cane toad simulacrum (IceCv)
  4 wights
  6 killer bees
  An elephant simulacrum (IceCv)
  An electric eel (Lair:2)
  2 howler monkeys
  A hound (D:5)
  A gnoll bouda (D:5)
  A hell rat (Lair:2)
  9 orc wizards
  2 spriggan simulacra (IceCv)
  An ogre zombie (D:11)
  2 gnolls (D:10)
  An adder (D:5)
  A naga simulacrum (IceCv)
  4 ufetubi (IceCv)
  A worm (D:5)
  23 orcs
  2 goblins (D:9)
  2 goblin zombies (D:11)
  A hobgoblin skeleton (D:11)
  6 kobolds
  An orc skeleton (D:11)
  2 orc zombies (D:11)
597 creatures vanquished.

Vanquished Creatures (others)
  An ancient lich (Zot:5)
  An eldritch tentacle (WizLab)
  A draconian knight (Zot:3)
  A draconian shifter (Zot:3)
  An angel (D:6)
  A deep elf zephyrmancer (Elf:3)
  A mana viper (Snake:1)
  9 slime creatures (D:13)
  A water elemental (Elf:1)
  43 battlemagi
  An ancestor (D:5)
  A starspawn tentacle (WizLab)
  5 tentacles (Shoals:1)
67 creatures vanquished.

Grand Total: 2273 creatures vanquished

Notes
Turn   | Place    | Note
-------+----------+-------------------------------------------
     0 | D:1      | Ofeo the Armataur Reaver began the quest for the Orb.
     0 | D:1      | Reached XP level 1. HP: 18/18 MP: 3/3
    44 | D:1      | Found Extaburgh's Armour Shop.
   149 | D:1      | Reached XP level 2. HP: 21/25 MP: 4/4
   710 | D:1      | Reached XP level 3. HP: 31/31 MP: 6/6
  1236 | D:2      | You fall into a shaft and drop 1 floor!
  1402 | D:2      | Found Cueriot's General Store.
  1447 | D:2      | Found Byxaegi's Book Shoppe.
  1720 | D:2      | Found Owinepe's Jewellery Shop.
  1722 | D:2      | Found Kylogue's Magic Scroll Shoppe.
  2226 | D:2      | Reached XP level 4. HP: 24/39 MP: 7/7
  2846 | D:3      | HP: 1/39 [gnoll/+0 spear (6)]
  3192 | D:3      | Reached skill level 1 in Armour
  3502 | D:2      | Reached XP level 5. HP: 20/32 MP: 6/8
  4056 | D:2      | Bought a +0 pair of gloves of strength for 126 gold pieces
  4082 | D:4      | Found a staircase to the Ecumenical Temple.
  4105 | D:4      | Reached skill level 2 in Armour
  4120 | Temple   | Entered the Ecumenical Temple
  4581 | Temple   | Became a worshipper of Hepliaklqana the Forgotten
  5121 | D:4      | Noticed an ogre
  5127 | D:4      | Killed an ogre
  5128 | D:4      | Reached XP level 6. HP: 43/54 MP: 9/9
  5605 | D:5      | Entered Level 5 of the Dungeon
  5783 | D:5      | Reached skill level 3 in Armour
  5797 | D:5      | Noticed a steam dragon
  5800 | D:5      | Reached XP level 7. HP: 41/62 MP: 10/10
  5814 | D:5      | Killed a steam dragon
  5932 | D:5      | Reached skill level 4 in Armour
  5979 | D:5      | Reached * piety under Hepliaklqana
  6275 | D:5      | Noticed Pikel
  6588 | D:5      | Reached XP level 8. HP: 39/64 MP: 11/11
  6590 | D:5      | Reached skill level 5 in Armour
  6611 | D:5      | Reached skill level 5 in Fighting
  7281 | D:5      | Killed Pikel
  7282 | D:5      | Reached skill level 6 in Armour
  7514 | D:2      | Bought a scroll of fear for 56 gold pieces
  7754 | D:6      | Reached XP level 9. HP: 65/72 MP: 12/12
  7880 | D:6      | Found a glowing silver altar of Zin.
  7881 | D:6      | Noticed an angel
  7889 | D:6      | Found a shimmering altar of Xom.
  7903 | D:6      | Reached skill level 7 in Armour
  8000 | D:6      | Reached skill level 5 in Dodging
  8059 | D:6      | Found a hide-covered altar of Uskayaw.
  8583 | D:6      | Killed an angel
  8940 | D:7      | Reached ** piety under Hepliaklqana
  8942 | D:7      | Reached skill level 8 in Armour
  8942 | D:7      | Remembered your ancestor Biggus Dickus as a battlemage
  8950 | D:7      | Identified the +0 ring mail "Hoinkan" {rC+}
  8962 | D:7      | Noticed a komodo dragon
  8970 | D:7      | Killed a komodo dragon
  9215 | D:7      | Noticed Prince Ribbit
  9226 | D:7      | Killed Prince Ribbit
  9297 | D:7      | Reached skill level 9 in Armour
  9435 | D:7      | Reached XP level 10. HP: 79/83 MP: 13/13
  9501 | D:7      | Found a stormy altar of Qazlal.
 10669 | D:8      | Noticed a two-headed ogre
 11008 | D:8      | Noticed a water nymph
 11013 | D:8      | Killed a water nymph
 11014 | D:8      | Reached skill level 10 in Armour
 11020 | D:8      | Noticed a two-headed ogre
 11024 | D:8      | Noticed a two-headed ogre
 11035 | D:8      | Killed a two-headed ogre
 11329 | D:8      | Killed a two-headed ogre
 11330 | D:8      | Reached XP level 11. HP: 79/94 MP: 14/14
 11411 | D:8      | Killed a two-headed ogre
 11412 | D:8      | Reached skill level 11 in Armour
 12145 | D:8      | Noticed a cyan ugly thing
 12156 | D:8      | Killed a cyan ugly thing
 12265 | D:8      | Reached skill level 1 in Throwing
 12430 | D:8      | Reached *** piety under Hepliaklqana
 12980 | D:8      | Noticed a two-headed ogre
 12986 | D:8      | Killed a two-headed ogre
 13688 | D:1      | Bought a +0 cloak for 63 gold pieces
 13928 | D:9      | Identified a scroll of acquirement
 13929 | D:9      | Acquired a +2 broad axe of electrocution
 14106 | D:9      | Found a glowing golden altar of the Shining One.
 14150 | D:9      | Found a shimmering blue altar of Sif Muna.
 14316 | D:9      | Found a flagged portal.
 14326 | Bailey   | Entered a bailey
 14603 | Bailey   | Reached skill level 1 in Invocations
 14608 | Bailey   | Noticed an orc knight
 14609 | Bailey   | Noticed an orc knight
 14625 | Bailey   | Killed an orc knight
 14628 | Bailey   | HP: 3/96 [orc knight/+3 halberd (7)]
 14630 | Bailey   | Killed an orc knight
 14631 | Bailey   | Reached skill level 5 in Axes
 15098 | D:9      | Found a staircase to the Lair.
 15766 | D:2      | Bought a +5 ring of evasion for 504 gold pieces
 15889 | D:10     | Entered Level 10 of the Dungeon
 15909 | D:10     | Reached skill level 12 in Armour
 16528 | D:10     | Found a portal to a secret trove of treasure.
 16737 | D:2      | Bought 3 scrolls of identify for 84 gold pieces
 16737 | D:2      | Bought a scroll of identify for 28 gold pieces
 16947 | D:10     | Gained mutation: You are agile. (Dex +4, Str/Int -1)
                  | [potion of mutation]
 16947 | D:10     | Gained mutation: You have a pair of small horns on your
                  | head. [potion of mutation]
 16947 | D:10     | Gained mutation: Your body sometimes deteriorates upon
                  | taking damage. [potion of mutation]
 16947 | D:10     | Gained mutation: You are resistant to electric shocks.
                  | (rElec) [potion of mutation]
 16947 | D:10     | Gained mutation: You are strong-willed. (Will+) [potion of
                  | mutation]
 17177 | D:11     | Found a staircase to the Orcish Mines.
 17183 | D:11     | Reached XP level 12. HP: 102/102 MP: 15/15
 17251 | D:11     | Reached **** piety under Hepliaklqana
 17301 | D:11     | Reached skill level 10 in Fighting
 17323 | D:11     | Noticed a two-headed ogre
 17328 | D:11     | Killed a two-headed ogre
 17391 | D:11     | Noticed a two-headed ogre
 17396 | D:11     | Killed a two-headed ogre
 17464 | D:11     | Noticed a two-headed ogre
 17469 | D:11     | Killed a two-headed ogre
 18515 | Lair:1   | Entered Level 1 of the Lair of Beasts
 18518 | Lair:1   | Reached skill level 5 in Invocations
 19856 | Lair:2   | Reached skill level 1 in Evocations
 19917 | Lair:2   | Reached XP level 13. HP: 94/110 MP: 17/17
 20018 | Lair:2   | Reached ***** piety under Hepliaklqana
 20503 | Lair:2   | Found a staircase to the Shoals.
 21082 | Lair:3   | Reached skill level 5 in Throwing
 21134 | Lair:3   | Reached skill level 13 in Armour
 21241 | Lair:3   | Found a staircase to the Snake Pit.
 21553 | Lair:3   | Noticed Sonja
 21564 | Lair:3   | Killed Sonja
 21610 | Lair:3   | Noticed Fannar
 21630 | Lair:3   | Killed Fannar
 22131 | Lair:4   | Noticed Kirke
 22143 | Lair:4   | Killed Kirke
 22292 | Lair:4   | Reached skill level 5 in Evocations
 22317 | Lair:4   | Found a transporter.
 22321 | Lair:4   | Found the +2 cloak of the Thief {*Fog Slay-2 SInv Stlth+}
 22340 | Lair:4   | Found a transporter.
 23003 | Lair:4   | Reached XP level 14. HP: 114/118 MP: 19/19
 23588 | Lair:4   | Identified the amulet of Miapn {Faith Fly rElec}
 23648 | Lair:5   | Entered Level 5 of the Lair of Beasts
 23715 | Lair:5   | Found a frozen archway.
 23782 | IceCv    | Entered an ice cave
 24339 | IceCv    | Noticed a reaper
 24525 | IceCv    | Killed a reaper
 25321 | Lair:5   | Found a hide-covered altar of Uskayaw.
 25321 | Lair:5   | Found an ornate altar of the Wu Jian Council.
 25433 | Lair:5   | Reached ****** piety under Hepliaklqana
 25549 | Lair:5   | Found a staircase to the Slime Pits.
 25549 | Lair:5   | Found a viscous altar of Jiyva.
 26822 | Orc:1    | Entered Level 1 of the Orcish Mines
 26956 | Orc:1    | Reached skill level 14 in Armour
 27152 | Orc:1    | Found an ornate altar of the Wu Jian Council.
 27154 | Orc:1    | Found a transporter.
 27255 | Orc:1    | Noticed Harold
 27265 | Orc:1    | Killed Harold
 27564 | Orc:1    | Found a radiant altar of Vehumet.
 27695 | Orc:1    | Found a transporter.
 27702 | Orc:1    | Found a transporter.
 27759 | Orc:1    | Found a transporter.
 27760 | Orc:1    | Found an ornate altar of the Wu Jian Council.
 27760 | Orc:1    | Noticed an orc warlord
 27928 | Orc:1    | Killed an orc warlord
 28019 | Orc:2    | Entered Level 2 of the Orcish Mines
 28091 | Orc:2    | Reached XP level 15. HP: 114/126 MP: 22/22
 28221 | Orc:2    | Found a staircase to the Elven Halls.
 28415 | Orc:2    | Noticed Maurice
 28420 | Orc:2    | Killed Maurice
 28526 | Orc:2    | Paralysed by an orc sorcerer for 5 turns
 28535 | Orc:2    | Found Weworhia's Book Shop.
 28574 | Orc:2    | Found Oppo's Distillery.
 28598 | Orc:2    | Bought a potion of might for 44 gold pieces
 28598 | Orc:2    | Bought a potion of enlightenment for 55 gold pieces
 28598 | Orc:2    | Bought a potion of curing for 33 gold pieces
 28598 | Orc:2    | Bought a potion of curing for 33 gold pieces
 28598 | Orc:2    | Bought a potion of berserk rage for 55 gold pieces
 28598 | Orc:2    | Bought a potion of berserk rage for 55 gold pieces
 28634 | Orc:2    | Found a radiant altar of Vehumet.
 28660 | Orc:2    | Noticed Nergalle
 28662 | Orc:2    | Found an ancient bone altar of Kikubaaqudgha.
 28666 | Orc:2    | Killed Nergalle
 28701 | Orc:2    | Found Gouwn's Antique Armour Shop.
 28704 | Orc:2    | Noticed Josephine
 28714 | Orc:2    | Killed Josephine
 28731 | Orc:2    | Found Caxe's Book Boutique.
 29093 | D:2      | Bought a scroll of fear for 56 gold pieces
 29093 | D:2      | Bought a scroll of fog for 56 gold pieces
 29093 | D:2      | Bought a scroll of fog for 56 gold pieces
 29093 | D:2      | Bought a scroll of teleportation for 42 gold pieces
 29329 | D:13     | Reached skill level 10 in Invocations
 29622 | D:13     | Noticed Azrael
 29627 | D:13     | Killed Azrael
 29811 | D:13     | Reached skill level 10 in Axes
 30669 | D:14     | Found a transporter.
 30744 | D:14     | Noticed an iron dragon
 30749 | D:14     | Noticed snackwell's ghost (journeyman DsSh)
 30961 | D:14     | Noticed Urug
 30973 | D:14     | Killed Urug
 30974 | D:14     | Reached skill level 1 in Shields
 30988 | D:14     | Found a gate to the Vaults.
 30999 | D:14     | Reached skill level 10 in Dodging
 31054 | D:14     | Found a transporter.
 31487 | D:14     | Found Esiry's Weapon Shoppe.
 32034 | D:15     | Entered Level 15 of the Dungeon
 32089 | D:15     | Found a shimmering altar of Xom.
 32175 | D:15     | Reached XP level 16. HP: 134/134 MP: 23/23
 32189 | D:15     | Reached skill level 15 in Armour
 32283 | D:15     | Found a staircase to the Depths.
 32370 | D:15     | Noticed Nessos
 32377 | D:15     | Killed Nessos
 33474 | Snake:1  | Entered Level 1 of the Snake Pit
 33474 | Snake:1  | Noticed Jorgrun
 33481 | Snake:1  | Killed Jorgrun
 33711 | Snake:1  | Noticed Aizul
 33724 | Snake:1  | Killed Aizul
 33891 | Snake:1  | Found Cutus's Distillery.
 34404 | Snake:1  | Noticed Frances
 34413 | Snake:1  | Killed Frances
 35211 | Snake:2  | You fall into a shaft and drop 1 floor!
 35227 | Snake:3  | Noticed Donald
 35233 | Snake:3  | Killed Donald
 35788 | Snake:3  | Reached skill level 5 in Shields
 36700 | Snake:3  | Noticed Vashnia
 36707 | Snake:3  | Killed Vashnia
 37624 | Snake:4  | Entered Level 4 of the Snake Pit
 37624 | Snake:4  | Found a glowing silver altar of Zin.
 37666 | Snake:4  | Noticed Bai Suzhen
 37725 | Snake:3  | Noticed Mlioglotl
 37897 | Shoals:1 | Entered Level 1 of the Shoals
 37970 | Shoals:1 | Noticed a kraken
 37980 | Shoals:1 | Killed a kraken
 37981 | Shoals:1 | Reached XP level 17. HP: 134/143 MP: 24/24
 38101 | Shoals:1 | Identified the ring of Tubunkoe {Ice rPois Will+ Int-3}
 38347 | Shoals:1 | Found a runed translucent door.
 38353 | Shoals:1 | Found a corrupted altar of Lugonu.
 38360 | Shoals:1 | Found a one-way gate to the infinite horrors of the Abyss.
 38375 | Shoals:1 | Gained mutation: You are frail. (-10% HP) [a shining eye]
 38818 | Shoals:2 | Noticed Ilsuiw
 38847 | Shoals:2 | Killed Ilsuiw
 38936 | Shoals:2 | Reached skill level 16 in Armour
 38986 | Shoals:2 | Lost mutation: Your body sometimes deteriorates upon taking
                  | damage. [potion of mutation]
 38986 | Shoals:2 | Lost mutation: You are strong-willed. (Will+) [potion of
                  | mutation]
 38986 | Shoals:2 | Lost mutation: You are frail. (-10% HP) [potion of
                  | mutation]
 38986 | Shoals:2 | Lost mutation: You are agile. (Dex +4, Str/Int -1) [potion
                  | of mutation]
 38986 | Shoals:2 | Gained mutation: You are weak. (Str -2) [potion of
                  | mutation]
 38986 | Shoals:2 | Gained mutation: You have supernaturally acute eyesight.
                  | (SInv) [potion of mutation]
 39541 | D:10     | You paid a toll of 7 scrolls of fog to enter a treasure
                  | trove
 39542 | Trove    | Entered a treasure trove
 39554 | Trove    | Identified the +8 broad axe of the Scroll {freeze, +Blink}
 39560 | Trove    | Identified the +3 scale mail "Ysoefia" {rCorr MP-9 SInv}
 39564 | Trove    | Identified the ring "Touxtonn" {*Corrode Will+ MP+9 Str+6
                  | SInv}
 39570 | Trove    | Identified the +4 plate armour "Pufac" {Regen+}
 40615 | Shoals:4 | Entered Level 4 of the Shoals
 41699 | Shoals:4 | Identified the +0 buckler of the Catamount {rF- Regen+
                  | Int+3 Slay+6}
 41856 | Shoals:4 | Identified the ring "Naymob" {rPois rN+ Str+3 Dex+2 Stlth-}
 42144 | Shoals:4 | Noticed Mara
 42147 | Shoals:4 | Noticed Ofeo's illusion
 42155 | Shoals:4 | Killed Mara
 42216 | Shoals:4 | Reached skill level 10 in Throwing
 42236 | Shoals:4 | Got a barnacled rune of Zot
 42331 | Shoals:4 | Reached XP level 18. HP: 140/153 MP: 25/25
 43010 | Snake:3  | Killed Mlioglotl
 43853 | Snake:4  | Killed Bai Suzhen
 44014 | Snake:4  | Reached skill level 17 in Armour
 44117 | Snake:4  | Found a gateway to a bazaar.
 44349 | Snake:4  | Got a serpentine rune of Zot
 44426 | Bazaar   | Entered a bazaar
 44426 | Bazaar   | Found Riluce Honn's Jewellery Shoppe.
 44426 | Bazaar   | Found Acleqoij's Magic Scroll Shop.
 44426 | Bazaar   | Found Zeggaywo's Jewellery Boutique.
 44427 | Bazaar   | Found Ubbeinoa's Assorted Antiques.
 44463 | Bazaar   | Bought a scroll of enchant armour for 67 gold pieces
 44464 | Bazaar   | Bought a scroll of teleportation for 27 gold pieces
 44464 | Bazaar   | Bought a scroll of teleportation for 27 gold pieces
 44487 | Bazaar   | Bought a potion of curing for 63 gold pieces
 44487 | Bazaar   | Bought a potion of heal wounds for 105 gold pieces
 44766 | Vaults:1 | Entered Level 1 of the Vaults
 44851 | Vaults:1 | Found Zosucliz's Assorted Antiques.
 44859 | Vaults:1 | Bought a scroll of enchant armour for 240 gold pieces
 44860 | Vaults:1 | Bought a scroll of acquirement for 1664 gold pieces
 44860 | Vaults:1 | Acquired the +10 broad axe "Dragon's Tongue" {freeze, rElec
                  | rF+ Dex-5}
 45042 | Vaults:1 | Noticed Saint Roka
 45058 | Vaults:1 | Killed Saint Roka
 45675 | Vaults:1 | Reached XP level 19. HP: 161/161 MP: 26/26
 46135 | Vaults:2 | Found a staircase to the Crypt.
 46209 | Vaults:2 | Reached skill level 10 in Shields
 46517 | Vaults:2 | Reached skill level 18 in Armour
 46524 | Vaults:2 | Reached skill level 15 in Axes
 46663 | Vaults:2 | Paralysed by a formless jellyfish for 1 turns
 46752 | Vaults:2 | Noticed Margery
 46762 | Vaults:2 | Killed Margery
 47419 | Vaults:3 | Noticed Jory
 47445 | Vaults:3 | Killed Jory
 47670 | Vaults:3 | Found a runed translucent gate.
 47670 | Vaults:3 | Found a runed translucent gate.
 47670 | Vaults:3 | Found a runed translucent gate.
 47672 | Vaults:3 | Noticed Pileu's ghost (adept DsFE)
 47674 | Vaults:3 | Found an iron altar of Okawaru.
 47974 | Vaults:3 | Reached skill level 15 in Fighting
 48033 | Vaults:3 | Noticed Sojobo
 48037 | Vaults:3 | Paralysed by an air elemental for 1 turns
 48045 | Vaults:3 | Paralysed by an air elemental for 1 turns
 48052 | Vaults:3 | Killed Sojobo
 48101 | Vaults:3 | Reached XP level 20. HP: 163/172 MP: 27/27
 48393 | Vaults:3 | Found Qawapol's Weapon Shoppe.
 49047 | Vaults:4 | Found a crumbling gateway.
 49060 | Desolati | Entered the Desolation of Salt
 49091 | Desolati | Reached skill level 19 in Armour
 49258 | Desolati | Found the +6 arbalest "Damnation" {damnation}
 49292 | Desolati | Identified the ring of the Ego {rC++ AC+4 Str+3 Slay+3
                  | Stlth-}
 49321 | Desolati | Identified the amulet "Todipu" {RegenMP Will+ Slay+2}
 49335 | Desolati | Identified the +0 lajatang "Lijath" {antimagic, rF+ rCorr
                  | Dex-3}
 49371 | Desolati | Identified the amulet of Ucecil {RegenMP Dex+4}
 49554 | Desolati | Identified the ring "Nihask" {Fly rPois rC+ Int-4}
 49567 | Desolati | Got the Omnibus of Hindering Arson
 49699 | Desolati | Identified the +8 shortbow of the Painted God {antimagic,
                  | rC+ rN++ Str-5 Int-5}
 49749 | Desolati | Got Zainged's Handbook of Venin and Position
 49785 | Desolati | Got the Essays on Terra Firma and Outbursts
 49798 | Desolati | Identified the ring of the Hart {Will+ AC+4 Slay+2}
 49833 | Desolati | Identified the amulet "Niset" {Reflect rC+ rN+ Dex+3 SH+5}
 50258 | Vaults:4 | Found Zuchahe's Antique Armour Emporium.
 51460 | Depths:1 | Entered Level 1 of the Depths
 51637 | Depths:1 | Identified the +9 rapier of Momne {freeze, Dex+3}
 51738 | Depths:1 | Found Zin's Purification Station.
 51741 | Depths:1 | Found a glowing silver altar of Zin.
 51777 | Depths:1 | Reached XP level 21. HP: 120/181 MP: 28/28
 51909 | Depths:1 | Found a one-way gateway to a ziggurat.
 52139 | Depths:1 | Found a one-way gate leading to the halls of Pandemonium.
 52289 | Depths:1 | Found a gateway to Hell.
 52596 | Depths:2 | Found a magical portal.
 52605 | WizLab   | Entered The Roulette of Golubria
 52605 | WizLab   | Found a transporter.
 52614 | WizLab   | Found a corrupted altar of Lugonu.
 52665 | WizLab   | Found a transporter.
 52679 | WizLab   | Found a transporter.
 52738 | WizLab   | Found a transporter.
 52793 | WizLab   | Found a transporter.
 52795 | WizLab   | Found a corrupted altar of Lugonu.
 52843 | WizLab   | Found a transporter.
 52916 | WizLab   | Found a transporter.
 52988 | WizLab   | Found a transporter.
 53030 | WizLab   | Found a transporter.
 53217 | WizLab   | Found a transporter.
 53217 | WizLab   | Found a transporter.
 53245 | WizLab   | Found a transporter.
 53269 | WizLab   | Found a transporter.
 53296 | WizLab   | Found a transporter.
 53296 | WizLab   | Found a transporter.
 53315 | WizLab   | Found a transporter.
 53315 | WizLab   | Found a transporter.
 53348 | WizLab   | Found a transporter.
 53354 | WizLab   | Found a transporter.
 53363 | WizLab   | Reached skill level 20 in Armour
 53379 | WizLab   | Identified the +2 cloak of Refuge {Fly Int+2}
 53395 | WizLab   | Got Nioklogh's Compendium of the Vector
 53429 | WizLab   | Identified the +0 cloak of Hedging {rF++ Will+ Regen+
                  | Slay-4}
 53799 | Depths:2 | Noticed an ancient lich
 53814 | Depths:2 | Killed an ancient lich
 54401 | Depths:3 | Found Teqan's Jewellery Shoppe.
 54441 | Depths:3 | Noticed a caustic shrike
 54443 | Depths:3 | Noticed a caustic shrike
 54443 | Depths:3 | Noticed a caustic shrike
 54448 | Depths:3 | Noticed a caustic shrike
 54454 | Depths:3 | Killed a caustic shrike
 54834 | Depths:2 | Killed a caustic shrike
 54835 | Depths:2 | Killed a caustic shrike
 54891 | Depths:3 | Killed a caustic shrike
 55115 | Depths:3 | You fall into a shaft and drop 1 floor!
 55115 | Depths:4 | Entered Level 4 of the Depths
 55169 | Depths:4 | Reached XP level 22. HP: 192/192 MP: 29/29
 55268 | Depths:3 | Noticed Frederick
 55282 | Depths:3 | Killed Frederick
 55299 | Depths:3 | Noticed a golden dragon
 55315 | Depths:3 | Killed a golden dragon
 55316 | Depths:3 | Reached skill level 21 in Armour
 56059 | Depths:4 | Noticed a caustic shrike
 56059 | Depths:4 | Noticed a caustic shrike
 56059 | Depths:4 | Noticed a caustic shrike
 56081 | Depths:3 | Killed a caustic shrike
 56087 | Depths:3 | Killed a caustic shrike
 56141 | Depths:4 | Noticed a caustic shrike
 56145 | Depths:4 | Killed a caustic shrike
 56153 | Depths:4 | Killed a caustic shrike
 56341 | Depths:4 | Noticed Parghit
 56353 | Depths:4 | Killed Parghit
 56358 | Depths:4 | Found a blossoming altar of Fedhas.
 56519 | Depths:4 | Found a gate to the Realm of Zot.
 56616 | Depths:4 | Noticed a golden dragon
 56624 | Depths:4 | Killed a golden dragon
 56693 | Depths:4 | Found a runed translucent door.
 56696 | Depths:4 | Found a radiant altar of Vehumet.
 56703 | Depths:4 | Noticed an ancient lich
 57489 | Elf:1    | Entered Level 1 of the Elven Halls
 57562 | Elf:1    | Reached skill level 22 in Armour
 58615 | Elf:2    | Paralysed by an air elemental for 1 turns
 58814 | Elf:2    | Found Licrih's Distillery.
 58821 | Elf:2    | Bought a potion of enlightenment for 75 gold pieces
 58821 | Elf:2    | Bought a potion of heal wounds for 75 gold pieces
 58821 | Elf:2    | Bought 2 potions of heal wounds for 150 gold pieces
 58821 | Elf:2    | Bought a potion of enlightenment for 75 gold pieces
 58821 | Elf:2    | Bought a potion of cancellation for 120 gold pieces
 58821 | Elf:2    | Bought a potion of haste for 150 gold pieces
 59404 | Elf:2    | Found a runed translucent gate.
 59404 | Elf:2    | Found a runed translucent gate.
 59407 | Elf:2    | Reached XP level 23. HP: 202/202 MP: 30/30
 59409 | Elf:2    | Found a runed translucent gate.
 59844 | Elf:3    | Entered Level 3 of the Elven Halls
 60661 | Elf:3    | Reached skill level 23 in Armour
 60679 | Elf:3    | Identified the +11 halberd "Lafyojod" {freeze, rF+ rN+
                  | Str+3 Dex+3}
 60700 | Elf:3    | Identified the ring "Feutel" {Fly MP+9 Str-3 Int+3 Dex+6}
 60710 | Elf:3    | Identified the +7 war axe of Welfare {venom, Str+3 Stlth+}
 60988 | Elf:3    | Identified the +7 scimitar "Armataur's Peril" {freeze,
                  | Dex+2}
 60988 | Elf:3    | Identified the ring "Gimikhus" {rCorr Str+5 Int+3 Dex-5}
 61004 | Elf:3    | Identified the +4 flail "Deapiari" {drain, rElec}
 61117 | Elf:3    | Got the Codex of Volcanic Weather
 61130 | Elf:3    | Identified the +7 sling of Peace {drain, rN+ Dex+2}
 61137 | Elf:3    | Got the Volume of Ill Luck
 61562 | Vaults:5 | Entered Level 5 of the Vaults
 61630 | Vaults:5 | Reached skill level 15 in Throwing
 61634 | Vaults:5 | Noticed a dread lich
 61638 | Vaults:5 | Killed a dread lich
 61639 | Vaults:5 | Reached XP level 24. HP: 97/215 MP: 26/30
 61645 | Vaults:5 | Reached skill level 24 in Armour
 62036 | Vaults:5 | Found the +2 pair of slick slippers {slick, slippery, EV+4}
 62180 | Vaults:5 | Found Qeif's Jewellery Shoppe.
 62182 | Vaults:5 | Identified the +1 robe of the Cicada {Dex+4}
 62692 | Vaults:5 | Identified the +6 hand axe of Abomination {freeze, Str+4}
 62849 | Vaults:5 | Identified the +2 falchion "Beetleslayer" {freeze, SInv}
 62855 | Vaults:5 | Got a silver rune of Zot
 62857 | Vaults:5 | Identified the +3 spear of Disharmony {drain, rF++ Dex+2}
 63346 | Zot:1    | Entered Level 1 of the Realm of Zot
 63729 | Zot:1    | Identified the +1 chain mail of a Labyrinth {Dex+6}
 65120 | Zot:2    | You fall into a shaft and drop 1 floor!
 65896 | Zot:3    | Noticed Vv
 65911 | Zot:3    | Killed Vv
 66250 | Zot:3    | Noticed an orb of fire
 66266 | Zot:3    | Killed an orb of fire
 66276 | Zot:3    | Reached skill level 25 in Armour
 66310 | Zot:3    | Identified the +2 dagger "Ewouc" {drain, Str+4}
 67507 | Zot:4    | Noticed a Killer Klown
 67530 | Zot:4    | Killed a Killer Klown
 67843 | Zot:4    | Reached XP level 25. HP: 226/226 MP: 31/31
 68086 | Zot:5    | Entered Level 5 of the Realm of Zot
 68567 | Zot:5    | Noticed an ancient lich
 68575 | Zot:5    | Noticed an orb of fire
 68578 | Zot:5    | Noticed an ancient lich
 68578 | Zot:5    | Noticed a dread lich
 68583 | Zot:5    | Killed an ancient lich
 68584 | Zot:5    | Noticed a Killer Klown
 68585 | Zot:5    | Killed an orb of fire
 68586 | Zot:5    | Noticed a Killer Klown
 68590 | Zot:5    | Killed a dread lich
 68596 | Zot:5    | Noticed a dread lich
 68600 | Zot:5    | Killed an ancient lich
 68600 | Zot:5    | Killed a Killer Klown
 68601 | Zot:5    | Killed a dread lich
 68606 | Zot:5    | Killed a Killer Klown
 68617 | Zot:5    | Noticed an orb of fire
 68626 | Zot:5    | Killed an orb of fire
 68630 | Zot:5    | Noticed a Killer Klown
 68633 | Zot:5    | Noticed an orb of fire
 68633 | Zot:5    | Noticed a dread lich
 68641 | Zot:5    | Noticed a Killer Klown
 68646 | Zot:5    | Killed a dread lich
 68648 | Zot:5    | Noticed an ancient lich
 68652 | Zot:5    | Killed an orb of fire
 68658 | Zot:5    | Noticed an ancient lich
 68666 | Zot:5    | Killed an ancient lich
 68669 | Zot:5    | Noticed an ancient lich
 68680 | Zot:5    | Killed an ancient lich
 68681 | Zot:5    | Reached skill level 10 in Evocations
 68682 | Zot:5    | HP: 4/227 [white draconian stormcaller[a white draconian
                  | stormcaller] (37)]
 69062 | Zot:5    | Killed an ancient lich
 69121 | Zot:5    | Killed a Killer Klown
 69242 | Zot:5    | Killed a Killer Klown
 69318 | Zot:5    | Reached skill level 26 in Armour
 69393 | Zot:5    | Got the Orb of Zot
 69430 | Zot:5    | Noticed Wall the pandemonium lord
 69603 | Depths:2 | Noticed Vakhlyfont the pandemonium lord
 69620 | Depths:1 | Noticed Iduhoniz the pandemonium lord
 69776 | D:8      | Noticed Ceacsups the pandemonium lord
 69788 | D:8      | Killed Ceacsups the pandemonium lord
 70017 | D:$      | Escaped with the Orb!

Illustrated notes

Levels and vault maps discovered:
D:1:      lightli_arrival_maybe_door_vault, layout_basic, serial_shops, shop,
          minmay_misc_feat_ornament, minmay_misc_feat_encased,
          minmay_indecisive_spiral
D:2:      layout_basic, serial_shops, shop, shop, nicolae_shop_hallway_stairs,
          nicolae_diamond_shop, minivault_4, minmay_pentomino_v2
D:3:      layout_basic
D:4:      layout_gridville, minmay_temple_entry_ruins
D:5:      cheibrodos_barr_body, layout_cave_pools, uniq_pikel
D:6:      layout_loops_ring, mainiacjoe_overflow_concentric_impassable,
          grunt_temple_overflow_order_and_chaos_1
D:7:      layout_cave_pods, grunt_qazlal_clouds, uniq_prince_ribbit1
D:8:      minmay_imperfect_grid, layout_loops_ring
D:9:      minmay_evil_eye, layout_loops_ring, led_sif_pool,
          nicolae_tso_carved_into_rock, lair_entry_dummy, enter_bailey_5
D:10:     layout_roguey, nicolae_trove_entry_isolated,
          nicolae_straight_to_the_point
D:11:     layout_cave_pools, zombieorc2_lemuel
D:12:     layout_cave_pools
D:13:     layout_basic, uniq_azrael
D:14:     layout_stronghold, david_vaults_3, gammafunk_ghost_berserking_beasts,
          serial_shops, nicolae_shop_bloodbath_and_beyond, nrook_mini_vaults,
          minmay_misc_feat_chi, drop_trap
D:15:     hangedman_depths_entry_try_elsewhere_first, layout_basic, basic_altar,
          uniq_nessos
Temple:   minmay_temple_bridge_d
Lair:1:   layout_long_grid
Lair:2:   layout_small_grid, elwin_shoals_entry_rooms, grunt_megastairs_3
Lair:3:   layout_roguey, minmay_snake_entry_guardpost_small,
          beast_lair_carwin_7, uniq_sonja, uniq_fannar
Lair:4:   gammafunk_worm_tunnel, layout_cellular_growth, uniq_kirke
Lair:5:   hangedman_lair_tendril_chambers, layout_regular_city, slime_entry_1,
          portal_ice_cave_entry_pillars_1, nzn_masters_of_martial_movement
Shoals:1: layout_shoals, nicolae_shoals_abyss_on_the_beach
Shoals:2: layout_shoals, uniq_polyphemus, uniq_ilsuiw
Shoals:3: layout_shoals
Shoals:4: shoals_end_simple, layout_shoals, shoals_ilsuiw_alternative, uniq_mara
Snake:1:  layout_chambers, serial_shops, shop_statue, nicolae_snake_squiggles,
          uniq_frances, uniq_jorgrun, uniq_aizul
Snake:2:  layout_rooms
Snake:3:  layout_chambers, uniq_vashnia, uniq_mlioglotl, uniq_donald
Snake:4:  minmay_snake_end_coiled, layout_cave_town, serial_shops, statue_bzr,
          lemuel_oklob_altar, lemuel_fruit_tree, grunt_megastairs_4,
          uniq_bai_suzhen
Orc:1:    dreamdust_wu_jian_sword_trials, layout_diamond_mine,
          lemuel_statue_altar, uniq_harold
Orc:2:    kennysheep_orc_mage_school, layout_diamond_mine,
          hellmonk_bongcloud_opening, uniq_maurice, uniq_josephine
Elf:1:    layout_loops_corners, kennysheep_underground_church
Elf:2:    nicolae_elf_blades_splatter_lattice [mumra_blade_entry_bloodbath],
          layout_loops_cross, serial_shops, shop, st_stairs_5, glass_columns_a
Elf:3:    minmay_elf_hall_statues, layout_gridlike, special_room
          [special_room_orc]
Vaults:1: nicolae_vaults_loss_of_containment, nicolae_vaults_surprise_closet,
          nicolae_vaults_apartment_2, nicolae_vaults_tetromino_L_2,
          hangedman_vaults_cutoff, nicolae_vaults_trapezoid_lopsided_4,
          hangedman_vaults_unwind, grunt_vaults_twisty, vaults_room_boxed,
          nicolae_vaults_stepped_doors, vaults_dpeg_hooks,
          hangedman_vaults_stretched_pinwheel,
          nicolae_vaults_storage_room_doors, layout_vaults_maze, serial_shops,
          shop, uniq_saint_roka
Vaults:2: v_misc_29, nicolae_vaults_house_2, blue_anna_dwarven_crypt,
          hangedman_vaults_snaps, v_misc_33, nicolae_vaults_wrenched,
          nicolae_vaults_border_crossing, v_misc_19,
          nicolae_vaults_more_shelving_1, nicolae_vaults_bisected_slash,
          vaults_room_ringed_pool, ontoclasm_vaults_pinch, vaults_room_grid,
          layout_vaults_omnibox, uniq_margery
Vaults:3: gammafunk_ghost_fury_of_okawaru, nicolae_vaults_shrinking_rooms_1,
          v_pattern_4, vaults_dpeg_emergency_exit, nicolae_vaults_tangram_2,
          v_alt_pattern_2, nicolae_vaults_turnstiles, nicolae_vaults_what_the_h,
          hangedman_vaults_stagger, nicolae_vaults_tetromino_L_2,
          nicolae_vaults_cochlea, vaults_room_hallway, layout_vaults_ring,
          serial_shops, nicolae_shop_tiny_glass, uniq_jory, uniq_sojobo
Vaults:4: portal_desolation_entry_garden,
          vaults_standard_mumra_enter_the_diamond, v_rooms_4,
          nicolae_vaults_house_3, nicolae_vaults_trapezoid_lopsided_2,
          hangedman_vaults_capsules, vaults_room_door_hall,
          layout_vaults_omnigrid, serial_shops, shop
Vaults:5
Depths:1: layout_gridville, enter_ziggurat_d, pan_entry, nicolae_integral_box,
          hell_entry, minmay_misc_feat_tiny, chequers_serial_rivers_micro_d,
          zin_purify
Depths:2: evilmike_inaccessible_box, layout_basic, pan_entry, special_room
          [special_room_morgue], mu_enter_wizlab_3, hell_entry
Depths:3: minmay_concentric_multi, layout_cave_pools, abyss_entry, hell_entry,
          serial_shops, shop, chequers_serial_rivers_micro_a,
          infiniplex_staircase_zigzag_1, serial_bayou_shore_a, uniq_frederick
Depths:4: grunt_zot_entry_funnels, layout_twisted_cross, fedhas_altar_2,
          grunt_hell_entry_dis_grunt, fountainhead, grunt_absolute_annihilation,
          uniq_parghit
Zot:1:    layout_onion
Zot:2:    layout_cathedral_of_symmetry
Zot:3:    dreamdust_black_sun_cult, layout_gridlike, uniq_vv
Zot:4:    layout_gridlike
Zot:5:    layout_cathedral_of_symmetry, skrybe_zot_glass_3

Skill      XL: |  1  2  3  4  5  6  7  8  9 10 11 12 13 14 15 16 17 18 19 20 21 22 23 24 25 |
---------------+----------------------------------------------------------------------------+-----
Fighting       | 2 3 4 5 7 9 10 11 12 13 14 15 16 18 19 20 21 | 21.1
Spellcasting   | 2 |  2.2
Conjurations   | 3 |  3.1
Dodging        | 2 3 4 6 7 8 9 10 11 12 | 12.0
Axes           | 3 4 5 7 8 9 10 12 13 14 15 17 18 | 18.0
Armour         | 1 2 3 4 6 9 10 12 13 14 15 16 17 18 19 20 22 23 25 26 | 26.0
Throwing       | 3 4 5 6 7 9 10 11 13 15 16 17 | 17.4
Invocations    | 3 6 7 9 10 12 | 12.5
Evocations     | 1 5 7 8 10 | 10.4
Shields        | 3 5 7 9 11 12 13 | 13.1

Action                     |  1- 3 |  4- 6 |  7- 9 | 10-12 | 13-15 | 16-18 | 19-21 | 22-24 | 25-27 || total
---------------------------+-------+-------+-------+-------+-------+-------+-------+-------+-------++-------
  Melee: Hand axe          |    23 |       |       |       |       |       |       |       |       ||    23
         War axe           |   127 |    37 |       |       |       |       |       |       |       ||   164
         Tailslap          |     9 |    15 |    47 |    76 |   134 |   156 |   209 |   196 |    36 ||   878
         Punch             |       |     3 |       |       |       |       |       |       |       ||     3
         Whip              |       |   109 |   228 |   201 |    35 |       |       |       |       ||   573
         Broad axe         |       |       |       |   220 |   724 |   739 |   873 |   894 |   197 ||  3647
         Headbutt          |       |       |       |    34 |   223 |   238 |   249 |   263 |    69 ||  1076
         Unarmed           |       |       |       |       |     5 |       |       |       |       ||     5
         Morningstar       |       |       |       |       |       |     2 |       |       |       ||     2
  Throw: Javelin           |       |       |       |     9 |     1 |       |    12 |    47 |    17 ||    86
         Dart              |       |       |       |       |    18 |       |       |     4 |       ||    22
         Boomerang         |       |       |       |       |       |   425 |    13 |       |       ||   438
   Cast: Kiss of Death     |       |     2 |       |       |       |       |       |       |       ||     2
 Invoke: Recall Ancestor   |       |       |     1 |       |     1 |     3 |     4 |     6 |     7 ||    22
         Ancestor Life: Ba |       |       |     1 |       |       |       |       |       |       ||     1
         Idealise          |       |       |       |       |       |     1 |     1 |     4 |     2 ||     8
         Ancestor Identity |       |       |       |       |       |       |     1 |       |       ||     1
  Evoke: Wand              |       |       |       |     4 |     6 |     4 |       |     1 |       ||    15
         Condenser vane    |       |       |       |       |       |     1 |       |       |       ||     1
    Use: Scroll            |     1 |     6 |     5 |    25 |     4 |     8 |     6 |     8 |     1 ||    64
         Potion            |       |       |     3 |     7 |     3 |    10 |     4 |    17 |    13 ||    57
   Stab: Distracted        |       |       |     2 |     5 |    12 |    14 |    23 |    14 |     2 ||    72
         Invisible         |       |       |       |       |       |       |       |     4 |       ||     4
 Armour: Leather armour    |    67 |    53 |    11 |       |       |       |       |       |       ||   131
         Chain mail        |       |       |    91 |    51 |       |       |       |       |       ||   142
         Steam dragon scal |       |       |       |    78 |       |       |       |       |       ||    78
         Crystal plate arm |       |       |       |   150 |   738 |   849 |   636 |   718 |   139 ||  3230
  Dodge: Dodged            |    79 |    62 |    72 |   281 |   424 |   292 |   200 |   168 |    20 ||  1598
  Block: Buckler           |       |       |       |       |       |    73 |   275 |   357 |    60 ||   765
         Reflection        |       |       |       |       |       |       |     3 |    30 |       ||    33

Table legend: (Time is in decaauts)
 A = Elapsed time spent in this place.
 B = Non-inter-level travel time spent in this place.
 C = Inter-level travel time spent in this place.
 D = Time resting spent in this place.
 E = Time spent auto-exploring this place.
 F = Levels seen in this place.
 G = Mean time per level.
                   A        B        C        D        E       F      G
               +--------+--------+--------+--------+--------+-----+--------+
         Total |  69593 |  61856 |   7737 |   7583 |  41180 |  54 | 1288.8 |
       Dungeon |  24192 |  20194 |   3998 |   3224 |  13338 |  15 | 1612.8 |
        Temple |    533 |    389 |    144 |    148 |    213 |   1 |  533.0 |
          Lair |   6993 |   6023 |    970 |     47 |   4859 |   5 | 1398.6 |
        Shoals |   3971 |   3599 |    372 |    389 |   2138 |   4 |  992.8 |
     Snake Pit |   5933 |   5407 |    526 |    307 |   4105 |   4 | 1483.2 |
  Orcish Mines |   2304 |   1999 |    305 |     75 |   1401 |   2 | 1152.0 |
   Elven Halls |   3749 |   3561 |    188 |    331 |   2431 |   3 | 1249.7 |
        Vaults |   7155 |   6608 |    547 |    754 |   4633 |   5 | 1431.0 |
        Depths |   5276 |   4793 |    483 |    729 |   2990 |   4 | 1319.0 |
           Zot |   5855 |   5655 |    200 |   1103 |   3531 |   5 | 1171.0 |
        Bazaar |     87 |     87 |      0 |      0 |     22 |   1 |   87.0 |
         Trove |     50 |     50 |      0 |      0 |      0 |   1 |   50.0 |
        Bailey |    561 |    561 |      0 |    246 |      0 |   1 |  561.0 |
      Ice Cave |    998 |    998 |      0 |    190 |    422 |   1 |  998.0 |
        Wizlab |    837 |    837 |      0 |      0 |    481 |   1 |  837.0 |
    Desolation |   1092 |   1092 |      0 |     37 |    614 |   1 | 1092.0 |
               +--------+--------+--------+--------+--------+-----+--------+

Top non-repeatable levels by time:
     D:8: 4028 daAuts
     D:2: 2350 daAuts
     D:7: 2005 daAuts
 Snake:3: 1943 daAuts
     D:4: 1792 daAuts
 Snake:1: 1791 daAuts
     D:9: 1780 daAuts
Vaults:3: 1677 daAuts
  Lair:4: 1620 daAuts
   Zot:3: 1607 daAuts
    D:14: 1584 daAuts
Vaults:4: 1516 daAuts
  Lair:5: 1468 daAuts
Vaults:2: 1443 daAuts
Depths:3: 1430 daAuts
